Workbook

Sheet Balanço
A1: Disponibilidades Financeiras | B1: 46022 | C1: 45930 | D1: 45838 | E1: 45747 | F1: 45657 | G1: 45382 | H1: 45473 | I1: 45565
A2: Caixa e Equivalente de Caixa | B2: =410780.31+84032.35+390787.34+104911.46 -> 990511.46 | C2: =360564.16+98+55555.08+379166.74 -> 795383.98 | D2: =477022.6+58.81+36112.1+136551.85+98 -> 649843.36 | E2: =385227.45+98+28970.5+65844.53 -> 480140.48 | F2: =34190.02+98+24421.56+65774.2 -> 124483.78 | G2: 61305.92 | H2: =34665.53+5196+24713.34+39105.54 -> 103680.41 | I2: 121522.85
A3: Conta Única do Tesouro Estadual | B3: 2.2128185e+08 | C3: 27976772 | D3: 45306810 | E3: 80918623 | F3: 1.6068417e+08 | G3: 2.6607724e+08 | H3: 2.3117021e+08 | I3: 1.480104e+08
A4: Títulos e Valores Mobiliários | B4: 54040954 | C4: 62905248 | D4: 63642479 | E4: 12040590 | F4: 11582048 | G4: 11369304 | H4: 11593073 | I4: 11242169
A5: TOTAL | B5: =SUM(B2:B4) -> 2.7631332e+08 | C5: =SUM(C2:C4) -> 91677405 | D5: =SUM(D2:D4) -> 1.0959913e+08 | E5: =SUM(E2:E4) -> 93439353 | F5: =SUM(F2:F4) -> 1.723907e+08 | G5: =SUM(G2:G4) -> 2.7750785e+08 | H5: =SUM(H2:H4) -> 2.4286697e+08 | I5: =SUM(I2:I4) -> 1.5937409e+08
A7: Fontes Orçamentárias | B7: 46022 | C7: 45930 | D7: 45838 | E7: 45747 | F7: 45657 | G7: 45382 | H7: 45473 | I7: 45565
A8: Recurso Arrecadado | B8: =1571520.77+259302.74+93.72 -> 1830917.2 | C8: =1682718.45+259302.74+49+49+38.08 -> 1942157.3 | D8: =1073703.32+7664.69 -> 1081368 | E8: =954890.63+259302.74-200+5420.76+2243.93 -> 1221658.1 | F8: =330483.15+93.72+931.42+98 -> 331606.29 | G8: 671008.09 | H8: 370067.84 | I8: 979866.46
A9: Convênios Federais | B9: =84032.35+390787.34+491220.68+5055573.34 -> 6021613.7 | C9: =55555.08+379166.74+600918.34+4656486.22 -> 5692126.4 | D9: 5359614.9 | E9: =664491+11020.27+4461111.28+156606.66 -> 5293229.2 | F9: =24421.56+65774.2+643577.1+4613788.75 -> 5347561.6 | G9: 5741003.1 | H9: 5828683.4 | I9: 5332927.9
A10: Recurso Ordinário | B10: =7511006.17+6443.68+24797.05 -> 7542246.9 | C10: =253774.32+1186476.93+3072325.72+6437.73+938.7 -> 4519953.4 | D10: =5708393.76+6443.68+7722.58 -> 5722560 | E10: =654137.48+928126.39+4144711.51+3845.69+6443.68 -> 5737264.8 | F10: =718091.7+920094.72+4883868.63+6443.68 -> 6528498.7 | G10: 1102601 | H10: 5762514 | I10: 10883583
A11: Alienação de Imóveis | B11: =52682.52+416963.79+379445.86+8456548.57+7313345.96 -> 16618987 | C11: =45380.39+416963.79+353149.65+7553252.75+7200000 -> 15568747 | D11: =455089.2+7418599.96 -> 7873689.2 | E11: =32094+416963.79+1120331.59+6089215.23 -> 7658604.6 | F11: =22825.29+416963.79+26721.2+6324681.74 -> 6791192 | G11: 6098123.2 | H11: 6282060.6 | I11: 6451580.8
A12: Protege | B12: =20744530.81+190725843.73+104911.46+32724265.61 -> 2.4429955e+08 | C12: =5479497.85+15580331.96+57647843.82-7553252.75-7200000 -> 63954421 | D12: =38069682.25+51492217.43 -> 89561900 | E12: =16965085.63+56563510.52 -> 73528596 | F12: =38863316.4+114528525.22 -> 1.5339184e+08 | G12: 2.6389361e+08 | H12: 2.2462364e+08 | I12: 1.3572613e+08
A13: TOTAL | B13: =SUM(B8:B12) -> 2.7631332e+08 | C13: =SUM(C8:C12) -> 91677405 | D13: =SUM(D8:D12) -> 1.0959913e+08 | E13: =SUM(E8:E12) -> 93439353 | F13: =SUM(F8:F12) -> 1.723907e+08 | G13: =SUM(G8:G12) -> 2.7750634e+08 | H13: =SUM(H8:H12) -> 2.4286697e+08 | I13: =SUM(I8:I12) -> 1.5937409e+08
B15: 46022 | C15: 45930 | D15: 45838 | E15: 45747 | F15: 45657
A16: Contas a Receber | B16: =B17+B18 -> 1054114.5 | C16: =C17+C18 -> 1013686.6 | D16: =D17+D18 -> 1013461.2 | E16: =E17+E18 -> 1012978.6 | F16: =F17+F18 -> 991383.93 | G16: 45382 | H16: 45473 | I16: 45565
A17: Prestações a receber Conjuntos e Loteamentos - Fonte Alienação de Bens (a) | B17: 670193.7 | C17: 629765.86 | D17: 629540.44 | E17: 628857.81 | F17: 639532.93 | G17: 606998.6 | H17: 606906.06 | I17: 607117.48
A18: Secretaria de Estado da Economia - Fonte Recurso Arrecadado (b) | B18: 383920.76 | C18: 383920.76 | D18: 383920.76 | E18: =383920.76+200 -> 384120.76 | F18: 351851 | G18: 351851 | H18: 351851 | I18: 351851
A20: Provisão para Perdas com créditos de liquidação duvidosa | B20: =B21 -> -640770.82 | F20: =F21 -> -599984.03
A21: (-) Perdas com créditos de Liquidação Duvidosa (c ) | B21: -640770.82 | C21: -631255.68 | D21: -621008.01 | E21: -610678.26 | F21: -599984.03 | G21: -566518.52 | H21: -578182.35 | I21: -589227.67
A23: TOTAL | B23: =B16+B20 -> 413343.64 | C23: =C16+C20 -> 1013686.6 | D23: =D16+D20 -> 1013461.2 | E23: =E16+E20 -> 1012978.6 | F23: =F16+F20 -> 391399.9 | G23: =SUM(G17:G21) -> 392331.08 | H23: =SUM(H17:H21) -> 380574.71 | I23: =SUM(I17:I21) -> 369740.81
A25: Adiantamentos Concedidos a Obras | B25: 46022 | C25: 45930 | D25: 45838 | E25: 45747 | F25: 45657 | G25: 45382 | H25: 45473 | I25: 45565
A26: João Paulo II - 2ª Etapa | B26: 7418857.4 | C26: 7418857.4 | D26: 7418857.4 | E26: 7418857.4 | F26: 7418857.4 | G26: 7418857.4 | H26: 7418857.4 | I26: 7418857.4
A27: Real Conquista | B27: 225416.51 | C27: 225416.51 | D27: 225416.51 | E27: 225416.51 | F27: 225416.51 | G27: 225416.51 | H27: 225416.51 | I27: 225416.51
A28: Damianópolis | B28: 0 | C28: 929214.59 | D28: 929214.59 | E28: 929214.59 | F28: 929214.59 | G28: 929214.59 | H28: 929214.59 | I28: 929214.59
A29: TOTAL | B29: =SUM(B26:B28) -> 7644273.9 | C29: =SUM(C26:C28) -> 8573488.5 | D29: =SUM(D26:D28) -> 8573488.5 | E29: =SUM(E26:E28) -> 8573488.5 | F29: =SUM(F26:F28) -> 8573488.5 | G29: =SUM(G26:G28) -> 8573488.5 | H29: =SUM(H26:H28) -> 8573488.5 | I29: =SUM(I26:I28) -> 8573488.5
A31: Antecipações a Empregados | B31: 46022 | C31: 45930 | D31: 45838 | E31: 45747 | F31: 45657 | G31: 45382 | H31: 45473 | I31: 45565
A32: Férias | B32: 437076.33 | C32: 168429.31 | D32: 534290.89 | E32: 129951.88 | F32: 399128.31 | G32: 89173.85 | H32: 369080.29 | I32: 106641.31
A33: 13º Salário | B33: 0 | C33: 1275741.6 | D33: 853316.5 | E33: 427319.68 | F33: 0 | G33: 387298.56 | H33: 809277.82 | I33: 1269540.3
A34: TOTAL | B34: =B33+B32 -> 437076.33 | C34: =C33+C32 -> 1444170.9 | D34: =D33+D32 -> 1387607.4 | E34: =E33+E32 -> 557271.56 | F34: =F33+F32 -> 399128.31 | G34: =G33+G32 -> 476472.41 | H34: =H33+H32 -> 1178358.1 | I34: =I33+I32 -> 1376181.6
A36: Tributos a Recuperar | B36: 46022 | C36: 45930 | D36: 45838 | E36: 45747 | F36: 45657 | G36: 45382 | H36: 45473 | I36: 45565
A37: IRRF Sobre Rendimentos Aplicados (a) | B37: 261070.6 | C37: 120520.94 | D37: 106770.3 | E37: 17991.01 | F37: 169585.66 | G37: 15220.45 | H37: 84562.86 | I37: 98970.8
A38: IRRF Sobre Serviço Prestados (b) | B38: 241751.26 | C38: 180460.15 | D38: 119169.04 | E38: 57877.93 | F38: 224685.36 | G38: 56171.34 | H38: 112342.68 | I38: 168514.02
A39: IRRF sobre Férias ( c ) | B39: 0 | C39: 0 | D39: 0 | E39: 0 | F39: 48793.47 | G39: 0 | H39: 0 | I39: 0
A40: TOTAL | B40: =B38+B37+B39 -> 502821.86 | C40: =C38+C37+C39 -> 300981.09 | D40: =D38+D37+D39 -> 225939.34 | E40: =E38+E37+E39 -> 75868.94 | F40: =F38+F37+F39 -> 443064.49 | G40: =G38+G37+G39 -> 71391.79 | H40: =H38+H37+H39 -> 196905.54 | I40: =I38+I37+I39 -> 267484.82
A42: Despesas Antecipadas | B42: 46022 | C42: 45930 | D42: 45838 | E42: 45747 | F42: 45657 | G42: 45382 | H42: 45473 | I42: 45565
A43: Seguro a Apropriar | B43: 0 | C43: 1072.8 | D43: 3740.33 | E43: 6378.87 | F43: 8988.41 | G43: 6362 | H43: 3730.44 | I43: 1069.97
A44: TOTAL | B44: =B43 -> 0 | C44: =C43 -> 1072.8 | D44: =D43 -> 3740.33 | E44: =E43 -> 6378.87 | F44: =F43 -> 8988.41 | G44: =G43 -> 6362 | H44: =H43 -> 3730.44 | I44: =I43 -> 1069.97
A46: Estoque de Bens do Almoxarifado | B46: 46022 | C46: 45930 | D46: 45838 | E46: 45747 | F46: 45657 | G46: 45382 | H46: 45473 | I46: 45565
A47: Almoxarifado - sede | B47: 96078.88 | C47: =#REF! -> #REF! | D47: 85536.3 | E47: 93959.27 | F47: 105608.83 | G47: 126408.19 | H47: 108111.99 | I47: 130386.06
A48: TOTAL | B48: =B47 -> 96078.88 | C48: =C47 -> #REF! | D48: =D47 -> 85536.3 | E48: =E47 -> 93959.27 | F48: =F47 -> 105608.83 | G48: =G47 -> 126408.19 | H48: =H47 -> 108111.99 | I48: =I47 -> 130386.06
A50: ATIVO CIRCULANTE | B50: =B5+B23+B29+B34+B40+B44+B48 -> 2.8540691e+08 | C50: =C5+C23+C29+C34+C40+C44+C48 -> #REF! | D50: =D5+D23+D29+D34+D40+D44+D48 -> 1.208889e+08 | E50: =E5+E23+E29+E34+E40+E44+E48 -> 1.037593e+08 | F50: =F5+F23+F29+F34+F40+F44+F48 -> 1.8231238e+08 | G50: =G5+G23+G29+G34+G40+G44+G48 -> 2.871543e+08 | H50: =H5+H23+H29+H34+H40+H44+H48 -> 2.5330814e+08 | I50: =I5+I23+I29+I34+I40+I44+I48 -> 1.7009244e+08
A52: Contas a Receber - Devedores por Vendas Compromissadas | B52: 46022 | C52: 45930 | D52: 45838 | E52: 45747 | F52: 45657 | G52: 45382 | H52: 45473 | I52: 45565
A53: Prestações a receber Conjuntos e Loteamentos - Fonte Alienação de Bens (a) | B53: 51327.44 | C53: 91991.72 | D53: 91991.72 | E53: 91991.72 | F53: 91991.72 | G53: 124608.88 | H53: 124608.88 | I53: 124608.88
A54: TOTAL | B54: =B53 -> 51327.44 | C54: =C53 -> 91991.72 | D54: =D53 -> 91991.72 | E54: =E53 -> 91991.72 | F54: =F53 -> 91991.72 | G54: =G53 -> 124608.88 | H54: =H53 -> 124608.88 | I54: =I53 -> 124608.88
A56: Devedores por Créditos Repassados | B56: 46022 | C56: 45930 | D56: 45838 | E56: 45747 | F56: 45657 | G56: 45382 | H56: 45473 | I56: 45565
A57: Infra Estrutura de Conjuntos | B57: 0 | C57: 6862253.9 | D57: 6862253.9 | E57: 6862253.9 | F57: 6862253.9 | G57: 6647028.7 | H57: 6647028.7 | I57: 6647028.7
A58: Provisão para perdas de Crédito de Liquidação Duvidosa | B58: 0 | C58: -6862253.9 | D58: -6862253.9 | E58: -6862253.9 | F58: -6862253.9 | G58: -6647028.7 | H58: -6647028.7 | I58: -6647028.7
A59: TOTAL | B59: =B57+B58 -> 0 | C59: =C57+C58 -> 0 | D59: =D57+D58 -> 0 | E59: =E57+E58 -> 0 | F59: =F57+F58 -> 0 | G59: =G57+G58 -> 0 | H59: =H57+H58 -> 0 | I59: =I57+I58 -> 0
A61: Unidades Residenciais Programas Governo | B61: 46022 | C61: 45930 | D61: 45838 | E61: 45747 | F61: 45657 | G61: 45382 | H61: 45473 | I61: 45565
A62: Senador Canedo - Conjunto Sabiá | B62: 600528.34 | C62: 861627.54 | D62: 953012.33 | E62: 953012.33 | F62: 953012.33 | G62: 953012.33 | H62: 953012.33 | I62: 953012.33
A63: Aparecida de Goiânia - Conjunto Planicie | B63: 99418.73 | C63: 176744.44 | D63: 176744.44 | E63: 176744.44 | F63: 176744.44 | G63: 176744.44 | H63: 176744.44 | I63: 176744.44
A64: TOTAL | B64: =B62+B63 -> 699947.07 | C64: =C62+C63 -> 1038372 | D64: =D62+D63 -> 1129756.8 | E64: =E62+E63 -> 1129756.8 | F64: =F62+F63 -> 1129756.8 | G64: =G62+G63 -> 1129756.8 | H64: =H62+H63 -> 1129756.8 | I64: =I62+I63 -> 1129756.8
A67: Terrenos Destinados Edificações ou Urbanização | B67: 46022 | C67: 45930 | D67: 45838 | E67: 45747 | F67: 45657 | G67: 45382 | H67: 45473 | I67: 45565
A68: Santos Dumont/Goiânia-Goiás | B68: 54655.68 | C68: 54655.68 | D68: 54655.68 | E68: 54655.68 | F68: 54655.68 | G68: 54655.68 | H68: 54655.68 | I68: 54655.68
A69: Conjunto Vera Cruz/Goiânia-Goiás | B69: 2065986.3 | C69: 2109199 | D69: 2109199 | E69: 2109199 | F69: 2159325.6 | G69: 2161054.2 | H69: 2161054.2 | I69: 2159325.6
A70: TOTAL | B70: =SUM(B68:B69) -> 2120642 | C70: =SUM(C68:C69) -> 2163854.6 | D70: =SUM(D68:D69) -> 2163854.6 | E70: =SUM(E68:E69) -> 2163854.6 | F70: =SUM(F68:F69) -> 2213981.3 | G70: =SUM(G68:G69) -> 2215709.8 | H70: =SUM(H68:H69) -> 2215709.8 | I70: =SUM(I68:I69) -> 2213981.3
A72: Tributos a Recuperar | B72: 46022 | C72: 45930 | D72: 45838 | E72: 45747 | F72: 45657 | G72: 45382 | H72: 45473 | I72: 45565
A73: Saldo Negativo do Imposto de Renda | B73: 373527.44 | C73: 362820.76 | D73: 770734.7 | E73: 747771.07 | F73: 332902.37 | G73: 1329751.3 | H73: 1362282.3 | I73: 647774.5
A74: TOTAL | B74: =B73 -> 373527.44 | C74: =C73 -> 362820.76 | D74: =D73 -> 770734.7 | E74: =E73 -> 747771.07 | F74: =F73 -> 332902.37 | G74: =G73 -> 1329751.3 | H74: =H73 -> 1362282.3 | I74: =I73 -> 647774.5
A76: Obras Em Andamento - Programas Habitacionais | B76: 46022 | C76: 45930 | D76: 45838 | E76: 45747 | F76: 45657 | G76: 45382 | H76: 45473 | I76: 45565
A77: Obras em Andamento - Recurso Tesouro Estadual - Fonte Protege | B77: 6.6598923e+08 | C77: 6.3051418e+08 | D77: 5.825238e+08 | E77: 5.3118999e+08 | F77: 4.9372333e+08 | G77: 3.8024744e+08 | H77: 4.2404212e+08 | I77: 5.1784964e+08
A78: Obras em Andamento - Convênios Federais FGTS/CAIXA | B78: 0 | C78: 3288451.4 | D78: 3288451.4 | E78: 3288451.4 | F78: 3288451.4 | G78: 3288451.4 | H78: 3288451.4 | I78: 3288451.4
A79: Obras em Andamento - Retomada - Fonte Recurso Ordinário Estadual | B79: 6981044.5 | C79: 12295258 | D79: 10021225 | E79: 8727215.4 | F79: 8621297.2 | G79: 0 | H79: 7640275.6 | I79: 7888649.3
A80: Obras em Andamento - Recurso Tesouro Estadual - Fonte Protege/FAR | B80: 22935082 | C80: 12003381 | D80: 2105996.6 | F80: 0 | H80: 0 | I80: 0
A81: TOTAL | B81: =SUM(B77:B80) -> 6.9590536e+08 | C81: =SUM(C77:C80) -> 6.5810127e+08 | D81: =SUM(D77:D80) -> 5.9793947e+08 | E81: =SUM(E77:E80) -> 5.4320565e+08 | F81: =SUM(F77:F80) -> 5.0563307e+08 | G81: =SUM(G77:G80) -> 3.8353589e+08 | H81: =SUM(H77:H80) -> 4.3497085e+08 | I81: =SUM(I77:I79) -> 5.2902674e+08
A83: Obras Concluídas - Programas Habitacionais | B83: 46022 | C83: 45930 | D83: 45838 | E83: 45747 | F83: 45657
A84: Obra Concluída - Convênios Federais/CAIXA/FGTS (João Paulo II) | B84: 2292361.5 | C84: 3288451.4 | D84: 3288451.4 | E84: 3288451.4 | F84: 0
A85: TOTAL | B85: =SUM(B84:B84) -> 2292361.5 | C85: =SUM(C84:C84) -> 3288451.4 | D85: =SUM(D84:D84) -> 3288451.4 | E85: =SUM(E84:E84) -> 3288451.4 | F85: =SUM(F84:F84) -> 0
B87: =B81+B85 -> 6.9819772e+08
A89: Saldo em 31/12/2024 | B89: =505633074.85 -> 5.0563307e+08 | C89: =505633074.85 -> 5.0563307e+08
A90: Medições Realizadas | B90: =525569630.56+92658.33 -> 5.2566229e+08 | C90: =339898561.26-36.86-803.9-734.34-772.27 -> 3.3989621e+08 | D90: 1.8643379e+08
A91: Baixas Realizadas | B91: 3.3210156e+08 | C91: =187430366.01-36.86-803.9-734.34-772.27 -> 1.8742802e+08 | D91: 94127394
A92: Transferência Obras Concluídas | B92: 3288451.4
A93: TOTAL | B93: =B89+B90-B91-B92 -> 6.9590536e+08 | C93: =C89+C90-C91 -> 6.5810127e+08
A95: Imobilizado | B95: 46022 | C95: 45930 | D95: 45838 | E95: 45747 | F95: 45657 | G95: 45382 | H95: 45473 | I95: 45565
A96: Bens Tangíveis | B96: 6784688.8 | C96: =#REF! -> #REF! | F96: 5886971.7 | I96: 5886971.7
A97: (-)Depreciações Acumuladas | B97: -4384602.5 | C97: =#REF! -> #REF! | F97: -3661179.6 | I97: -3472186.5
B98: =B96+B97 -> 2400086.3 | C98: =C96+C97 -> #REF! | D98: =D96+D97 -> 0 | E98: =E96+E97 -> 0 | F98: =F96+F97 -> 2225792.1 | G98: =G96+G97 -> 0 | H98: =H96+H97 -> 0 | I98: =I96+I97 -> 2414785.2
A100: Intangível | B100: 46022 | C100: 45930 | D100: 45838 | E100: 45747 | F100: 45657 | G100: 45382 | H100: 45473 | I100: 45565
A101: Software | B101: 7078508.8 | C101: =#REF! -> #REF! | F101: 4375009.5 | I101: 3236442.5
A102: (-)Amortizações Acumuladas | B102: -2452144.1 | C102: =#REF! -> #REF! | F102: -1472968.7 | I102: -1304982.6
B103: =B101+B102 -> 4626364.7 | C103: =C101+C102 -> #REF! | D103: =D101+D102 -> 0 | E103: =E101+E102 -> 0 | F103: =F101+F102 -> 2902040.9 | G103: =G101+G102 -> 0 | H103: =H101+H102 -> 0 | I103: =I101+I102 -> 1931459.9
A106: ATIVO NÃO CIRCULANTE | B106: =B54+B59+B64+B70+B74+B81+B98+B103+B85 -> 7.0846961e+08 | C106: =C54+C59+C64+C70+C74+C81+C98+C103 -> #REF! | D106: =D54+D59+D64+D70+D74+D81+D98+D103 -> 6.0209581e+08 | E106: =E54+E59+E64+E70+E74+E81+E98+E103 -> 5.4733903e+08 | F106: =F54+F59+F64+F70+F74+F81+F98+F103 -> 5.1452954e+08 | G106: =G54+G59+G64+G70+G74+G81+G98+G103 -> 3.8833572e+08 | H106: =H54+H59+H64+H70+H74+H81+H98+H103 -> 4.398032e+08 | I106: =I54+I59+I64+I70+I74+I81+I98+I103 -> 5.3748911e+08
A108: ATIVO | B108: =B50+B106 -> 9.9387652e+08 | C108: =C50+C106 -> #REF! | D108: =D50+D106 -> 7.2298471e+08 | E108: =E50+E106 -> 6.5109833e+08 | F108: =F50+F106 -> 6.9684192e+08 | G108: =G50+G106 -> 6.7549002e+08 | H108: =H50+H106 -> 6.9311134e+08 | I108: =I50+I106 -> 7.0758155e+08
A110: Contas | B110: 46022 | C110: 45930 | D110: 45838 | E110: 45747 | F110: 45657 | G110: 45382 | H110: 45473 | I110: 45565
A111: Obrigações Trabalhistas e Consignações | B111: =SUM(B112:B118) -> 207618.73 | C111: =SUM(C112:C118) -> 246590.51 | D111: =SUM(D112:D118) -> 228240.01 | E111: =SUM(E112:E118) -> 162993.03 | F111: =SUM(F112:F118) -> 124150.92 | G111: =SUM(G112:G118) -> 188984.29 | H111: =SUM(H112:H118) -> 311657.73 | I111: =SUM(I112:I118) -> 189203.98
A112: Salários a Pagar | B112: 0 | C112: 22516.6 | D112: 22792.94 | E112: 4360.7 | F112: 0 | G112: 0 | H112: 133631.46 | I112: 8464.28
A113: Rescisões Trabalhistas | B113: 0 | C113: 0 | D113: 25080.59 | E113: 0 | F113: 0 | G113: 25707.03 | H113: 2614.37 | I113: 963.92
A114: Férias a Pagar | B114: 6361.11 | C114: 9630.01 | F114: 0 | I114: 0
A115: Empréstimo Consignado | B115: 61785.63 | C115: 46599.07 | D115: 43701.47 | E115: 46465.4 | F115: 0 | G115: 41478.21 | H115: 41587.6 | I115: 41296.43
A116: Crédito ao Trabalhador | B116: 0 | C116: 17595.55 | D116: 9913.72 | F116: 0 | H116: 0 | I116: 0
A117: Contribuições Sindicais | B117: 0 | C117: 0 | D117: 20 | F117: 0 | H117: 0 | I117: 0
A118: Empregados Cedidos | B118: =114015.25+23241.78+2214.96 -> 139471.99 | C118: =126003.37+21466.66+2779.25 -> 150249.28 | D118: =103344.9+21393.53+1992.86 -> 126731.29 | E118: =103344.9+8822.03 -> 112166.93 | F118: 124150.92 | G118: =98761.53+23037.52 -> 121799.05 | H118: =98761.53+35062.77 -> 133824.3 | I118: =116550.59+21928.76 -> 138479.35
A121: Contas | B121: 46022 | C121: 45930 | D121: 45838 | E121: 45747 | F121: 45657 | G121: 45382 | H121: 45473 | I121: 45565
A122: Obrigações Sociais | B122: =SUM(B123:B125) -> 2423417.8 | C122: =SUM(C123:C125) -> 2993525.4 | D122: =SUM(D123:D125) -> 2344082.1 | E122: =SUM(E123:E125) -> 2195471 | F122: =SUM(F123:F125) -> 532490.97 | G122: =SUM(G123:G125) -> 1738071.2 | H122: =SUM(H123:H125) -> 1908943.1 | I122: =SUM(I123:I125) -> 2957568.6
A123: Contribuição Previdenciária - INSS a Recolher | B123: 1121076.3 | C123: 1111950.7 | D123: 1092090.5 | E123: 1024841.7 | F123: 7341.83 | G123: 1013987.4 | H123: 1036023.2 | I123: 1058765.6
A124: INSS a Recolher - Serviços Terceirizados | B124: 1035773.4 | C124: 1610771.7 | D124: 981066.38 | E124: 923529.5 | F124: 525149.14 | G124: 486020.64 | H124: 617321.22 | I124: 1644468.4
A125: FGTS a Recolher | B125: 266568.06 | C125: 270802.98 | D125: 270925.22 | E125: 247099.85 | F125: 0 | G125: 238063.16 | H125: 255598.68 | I125: 254334.64
A128: Contas | B128: 46022 | C128: 45930 | D128: 45838 | E128: 45747 | F128: 45657 | G128: 45382 | H128: 45473 | I128: 45565
A129: Obrigações Tributárias | B129: =SUM(B130:B138) -> 1613060.3 | C129: =SUM(C130:C138) -> 1138799.5 | D129: =SUM(D130:D138) -> 881344.62 | E129: =SUM(E130:E138) -> 620120.87 | F129: =SUM(F130:F138) -> 142469.06 | G129: =SUM(G130:G138) -> 554972.89 | H129: =SUM(H130:H138) -> 607681.48 | I129: =SUM(I130:I137) -> 788914.64
A130: IRRF a Recolher - Empregados | B130: 1102084.8 | C130: 559175.14 | D130: 609329.52 | E130: 487306.77 | F130: 5289.22 | G130: 460541.31 | H130: 467302.78 | I130: 515973.48
...

Sheet Balanço Patrimonial
B3: AGÊNCIA GOIANA DE HABITAÇÃO S/A
B4: CNPJ: 01.274.240/0001-47
B5: 31 de Dezembro de 2025
B6: (Valores expressos em milhares de reais)
B9: BALANÇO PATRIMONIAL (BP)
B11: ATIVO | H11: PASSIVO
B13: DESCRIÇÃO | C13: Nota | D13: 46022 | E13: 45657 | H13: DESCRIÇÃO | I13: Nota | J13: 46022 | K13: 45657
B15: ATIVO CIRCULANTE | D15: =SUM(D16:D24) -> 2.8540691e+08 | E15: =SUM(E16:E24) -> 1.8231238e+08 | H15: PASSIVO CIRCULANTE | J15: =SUM(J16:J25) -> 2.7061884e+08 | K15: =SUM(K16:K25) -> 1.7254965e+08
B16: Caixa e Equivalente de Caixa | C16: 5 | D16: =Balanço!B2+Balanço!B3 -> 2.2227236e+08 | E16: =34190.02+160684168.9+98+24421.56+65774.2 -> 1.6080865e+08 | H16: Obrigações Trabalhistas | I16: 14 | J16: =Balanço!B111 -> 207618.73 | K16: =124150.92 -> 124150.92
B17: Títulos e Valores Mobiliários | C17: 5 | D17: =Balanço!B4 -> 54040954 | E17: 11582048 | H17: Obrigações Sociais | I17: 14 | J17: =Balanço!B122 -> 2423417.8 | K17: =532490.97 -> 532490.97
B18: Contas a Receber | C18: 6 | D18: =Balanço!B23 -> 413343.64 | E18: 391399.9 | H18: Obrigações Tributárias | I18: 14 | J18: =Balanço!B129 -> 1613060.3 | K18: 142469.06
B19: Adiantamentos Concedidos a Obras | C19: 7 | D19: =Balanço!B29 -> 7644273.9 | E19: 8573488.5 | H19: Contas a Pagar | I19: 15 | J19: =Balanço!B147 -> 3061276.8 | K19: 1135742.2
B20: Antecipações a Empregados | C20: 8 | D20: =Balanço!B34 -> 437076.33 | E20: 399128.31 | H20: Provisões Trabalhistas | I20: 16 | J20: =Balanço!B153 -> 6920347.5 | K20: 6273793.4
B21: Tributos a Recuperar | C21: 9 | D21: =Balanço!B40 -> 502821.86 | E21: 443064.49 | H21: Subvenção Governamental a Realizar | I21: 17 | J21: =Balanço!B159 -> 2.5170565e+08 | K21: 1.599139e+08
B22: Despesas Antecipadas | C22: 10 | D22: =Balanço!B44 -> 0 | E22: 8988.41 | H22: Créditos Vinculados Convênios | I22: 18 | J22: =Balanço!B168 -> 4687468.2 | K22: 4427110.7
B23: Estoque de bens do almoxarifado | C23: 11 | D23: 96078.88 | E23: 105608.83
B26: ATIVO NÃO CIRCULANTE | D26: =D27+D37+D41 -> 7.0846961e+08 | E26: =E27+E37+E41 -> 5.1452954e+08
B27: Realizável a Longo Prazo | C27: 12 | D27: =SUM(D28:D36) -> 7.0144316e+08 | E27: =SUM(E28:E36) -> 5.0940171e+08
B28: Contas a Receber - Devedores Vendas Compromissadas | C28: 12.1 | D28: =Balanço!B54 -> 51327.44 | E28: 91991.72
B29: Devedores por Créditos Repassados | C29: 12.2 | D29: 0 | E29: 0 | H29: PASSIVO NÃO CIRCULANTE | J29: =SUM(J30:J35) -> 1047000 | K29: =SUM(K30:K35) -> 2088000
B30: Unidades Residenciais | C30: 12.3 | D30: =Balanço!B64 -> 699947.07 | E30: 1129756.8 | H30: Contingências Judiciais | I30: 19/20 | J30: =Balanço!B176 -> 1047000 | K30: 2088000
B31: Terrenos Edificações ou Urbanização | C31: 12.4 | D31: =Balanço!B70 -> 2120642 | E31: 2213981.3
B32: Tributos a Recuperar | C32: 12.5 | D32: =Balanço!B74 -> 373527.44 | E32: 332902.37
B33: Obras em Andamento - Programas Habitacionais | C33: 12.6 | D33: =Balanço!B81 -> 6.9590536e+08 | E33: 5.0563307e+08
B34: Obras Concluídas - Programas Habitacionais | C34: 12.7 | D34: =Balanço!B85 -> 2292361.5 | E34: 0
B37: Imobilizado | C37: 13 | D37: =SUM(D38:D39) -> 2400086.3 | E37: =SUM(E38:E39) -> 2225792.1
B38: Bens Tangíveis | C38: 13.5 | D38: =Balanço!B96 -> 6784688.8 | E38: 5886971.7 | H38: PATRIMÔNIO LÍQUIDO | I38: 21 | J38: =SUM(J39:J43) -> 7.2221069e+08 | K38: =SUM(K39:K43) -> 5.2220426e+08
B39: (-)Depreciações Acumuladas | D39: -4384602.5 | E39: -3661179.6 | H39: Capital Social | I39: 21.1 | J39: =Balanço!C184 -> 1.9613357e+08 | K39: 1.9613357e+08
H40: (-) Capital a Integralizar | I40: 21.1 | J40: =Balanço!C185 -> -8877149.1 | K40: -8877149.1
B41: Intangível | D41: =SUM(D42:D43) -> 4626364.7 | E41: =SUM(E42:E43) -> 2902040.9 | H41: Reserva Subvenção Governamental | I41: 21.2 | J41: =Balanço!B189 -> 9.7438185e+08 | K41: 7.7378798e+08
B42: Software | C42: 13.6 | D42: 7078508.8 | E42: 4375009.5 | H42: Resultados Acumulados | I42: 21.3 | J42: =Balanço!B191 -> -4.3942594e+08 | K42: -4.388385e+08
B43: (-)Amortizações Acumuladas | D43: -2452144.1 | E43: -1472968.7 | H43: (-) Ações Em Tesouraria | I43: 21.4 | J43: =Balanço!C195 -> -1636 | K43: -1636
B45: TOTAL DO ATIVO | D45: =D15+D26 -> 9.9387652e+08 | E45: =E15+E26 -> 6.9684192e+08 | H45: TOTAL DO PASSIVO | J45: =J15+J29+J38 -> 9.9387652e+08 | K45: =K15+K29+K38 -> 6.9684192e+08
B48: RECONHECEMOS A EXATIDÃO DO PRESENTE BALANÇO PATRIMONIAL ENCERRADO EM 31/12/2025, TOTALIZANDO NO ATIVO E PASSIVO O VALOR DE R$ 993.876.523,56 (NOVECENTOS E NOVENTA E TRÊS MILHÕES, OITOCENTOS E SETENTA E SEIS MIL, QUINHENTOS E VINTE E TRÊS REAIS E CINQUENTA E SEIS CENTAVOS)
B49: ESTRUTURADAS CONFORME RESOLUÇÃO CFC Nº 1.374/2011.
B51: Goiânia-Goiás, 31 de Dezembro de 2025

Sheet DMPL
A3: AGÊNCIA GOIANA DE HABITAÇÃO S/A
A4: CNPJ: 01.274.240/0001-47
A5: 31 de Dezembro de 2025
A6: (Valores Expressos em Reais)
B9: DEMONSTRAÇÃO DAS MUTAÇÕES DO PATRIMÔNIO LÍQUIDO (DMPL)
B11: DESCRIÇÃO | C11: Capital Realizado Atualizado | E11: Reservas de Lucros | F11: Resultado Acumulado | G11: Ações em Tesouraria | H11: Total Geral
C12: Capital Subscrito | D12: Capital a Realizar | E12: Subvenção Governamental para Investimento
B15: Saldo em 31/12/2023 | C15: 1.9613357e+08 | D15: -8877149.1 | E15: 6.2651651e+08 | F15: -4.3851766e+08 | G15: 0 | H15: =SUM(C15:G15) -> 3.7525526e+08
B17: Capital Subscrito | C17: 0 | D17: 0 | E17: 0 | F17: 0 | G17: 0 | H17: =SUM(C17:G17) -> 0
B18: Capital a Realizar | C18: 0 | D18: 0 | E18: 0 | F18: 0 | G18: 0 | H18: =SUM(C18:G18) -> 0
B19: Subvenção Governamental/Investimento | C19: 0 | D19: 0 | E19: 1.4727147e+08 | F19: -1.4727147e+08 | G19: 0 | H19: =SUM(C19:G19) -> 0
B20: Ajuste de Exercícios Anteriores | C20: 0 | D20: 0 | E20: 0 | F20: 0 | G20: 0 | H20: =SUM(C20:G20) -> 0
B21: Resultado do Exercício | C21: 0 | D21: 0 | E21: 0 | F21: 1.4695064e+08 | G21: 0 | H21: =SUM(C21:G21) -> 1.4695064e+08
B22: (-) Ações Em Tesouraria | C22: 0 | D22: 0 | E22: 0 | F22: 0 | G22: -1636 | H22: =SUM(C22:G22) -> -1636
B24: Saldo em 31/12/2024 | C24: =C15+SUM(C17:C22) -> 1.9613357e+08 | D24: =D15+SUM(D17:D22) -> -8877149.1 | E24: =E15+SUM(E17:E22) -> 7.7378798e+08 | F24: =F15+SUM(F17:F22) -> -4.388385e+08 | G24: =G15+SUM(G17:G22) -> -1636 | H24: =H15+SUM(H17:H22) -> 5.2220426e+08
B26: Capital Subscrito | C26: 0 | D26: 0 | E26: 0 | F26: 0 | G26: 0 | H26: =SUM(C26:G26) -> 0
B27: Capital a Realizar | C27: 0 | D27: 0 | E27: 0 | F27: 0 | G27: 0 | H27: =SUM(C27:G27) -> 0
B28: Subvenção Governamental/Investimento | C28: 0 | D28: 0 | E28: 2.0059387e+08 | F28: -2.0059387e+08 | G28: 0 | H28: =SUM(C28:G28) -> 0
B29: Ajuste de Exercícios Anteriores | C29: 0 | D29: 0 | E29: 0 | F29: 0 | G29: 0 | H29: =SUM(C29:G29) -> 0
B30: Resultado do Exercício | C30: 0 | D30: 0 | E30: 0 | F30: 2.0000642e+08 | G30: 0 | H30: =SUM(C30:G30) -> 2.0000642e+08
B31: (-) Ações Em Tesouraria | C31: 0 | D31: 0 | E31: 0 | F31: 0 | G31: 0 | H31: =SUM(C31:G31) -> 0
B33: Saldo em 31/12/2025 | C33: =C24+SUM(C26:C31) -> 1.9613357e+08 | D33: =D24+SUM(D26:D31) -> -8877149.1 | E33: =E24+SUM(E26:E31) -> 9.7438185e+08 | F33: =F24+SUM(F26:F31) -> -4.3942594e+08 | G33: =G24+SUM(G26:G31) -> -1636 | H33: =H24+SUM(H26:H31) -> 7.2221069e+08
B35: Reconhecemos a exatidão da presente Demonstração das Mutações do Patrimônio Líquido - Nota Explicativa nº 22
B38: Goiânia-Goiás, 31 de Dezembro de 2025

Sheet DRE
D4: AGÊNCIA GOIANA DE HABITAÇÃO S/A
D5: CNPJ: 01.274.240/0001-47
D6: 31 de Dezembro de 2025
D7: (Valores expressos em milhares de reais)
D9: DEMONSTRAÇÃO DO RESULTADO DO EXERCÍCIO (DRE)
D12: DESCRIÇÃO | E12: Nota | F12: 46022 | G12: 45657
D13: RECEITA OPERACIONAL BRUTA | E13: 23.1 | F13: =F14+F15 -> 14018683 | G13: =G14+G15 -> 5537585.8
D14: Receitas Bruta de Serviço (a) | F14: 5060015.1 | G14: 4706324.6
D15: Receita de Alienação de Bens Imóveis (b) | F15: 8958667.8 | G15: 831261.2
D18: (-)Impostos Incidentes e Desvinculações (c) | E18: 23.1 | F18: -1966186.9 | G18: =-670651.26-1098649.27 -> -1769300.5
D20: (=) RECEITA OPERACIONAL LÍQUIDA | E20: 23.1 | F20: =F13+F18 -> 12052496 | G20: =G13+G18 -> 3768285.3
D22: OUTRAS RECEITAS | E22: 23.2 | F22: =F23 -> 7.3045686e+08 | G22: =G23 -> 4.4716681e+08
D23: SUBVENÇÃO GOVERNAMENTAL | F23: =SUM(F24:F26) -> 7.3045686e+08 | G23: =SUM(G24:G26) -> 4.4716681e+08
D24: Subvenção de Custeio - Recursos Tesouro Estadual (a) | F24: =87791894.1 -> 87791894 | G24: =72678517.43-244265.69 -> 72434252
D25: Subvenção Programas Habitacionais - Recursos Tesouro Estadual (b) | F25: 6.4201808e+08 | G25: 3.7383887e+08
D26: Subvenção Programas Habitacionais - Recursos União (c) | F26: 646890.93 | G26: 893695.85
D28: CUSTOS DOS SERVIÇOS PRESTADOS | E28: 23.3 | F28: =F30+F35 -> -5.1975239e+08 | G28: =G30+G35 -> -2.8804089e+08
D30: APLICAÇÃO PROGRAMAS HABITACIONAIS | E30: 23.3.1 | F30: =SUM(F31:F32) -> -4.5109466e+08 | G30: =SUM(G31:G32) -> -2.271937e+08
D31: Com Recursos - União (a) | F31: -431922.2 | G31: -766542.46
D32: Com Recursos - Tesouro Estadual (b) | F32: =-4979.62-450657757.3 -> -4.5066274e+08 | G32: -2.2642716e+08
D35: OUTROS CUSTOS DOS SERVIÇOS PRESTADOS | E35: 23.3.2 | F35: =SUM(F36:F40) -> -68657730 | G35: =SUM(G36:G40) -> -60847185
D36: Mão de Obra (a) | F36: -55841241 | G36: -51702797
D37: Serviços de Terceiros (b) | F37: -10311469 | G37: -7716428.2
D38: Outros Custos Operacionais (c) | F38: =-63742.61-784288.42 -> -848031.03 | G38: =-20604.17-723971.25 -> -744575.42
D39: Custo com Obras Administradas (d) | F39: -1656988.4 | G39: -683385.05
D43: (=) RESULTADO OPERACIONAL BRUTO | F43: =F20+F22+F28 -> 2.2275697e+08 | G43: =G20+G22+G28 -> 1.6289421e+08
D45: DESPESAS OPERACIONAIS | E45: 23.4 | F45: =SUM(F46:F50) -> -24323639 | G45: =SUM(G46:G50) -> -16849557
D46: Despesas com Pessoal (a) | F46: -14977282 | G46: -13477399
D47: Serviço de Terceiros (b) | F47: -3228497.4 | G47: -2461170.1
D48: Despesas Gerais Administrativas (c) | F48: =-304350.64-2308881.95 -> -2613232.6 | G48: -822530.46
D49: Despesas Tributárias (d) | F49: -382389.04 | G49: -143256.18
D50: Outras Receitas e Outras Despesas Operacionais (e) | F50: =1731887.71-4854125.27 -> -3122237.6 | G50: =-3021932.55+3076730.79 -> 54798.24
D52: (=) RESULTADO OPERACIONAL | F52: =F43+F45 -> 1.9843333e+08 | G52: =G43+G45 -> 1.4604465e+08
D54: RESULTADO FINANCEIRO LÍQUIDO | E54: 23.5 | F54: =F55+F56 -> 1573094.4 | G54: =G55+G56 -> 905982.89
D55: Receitas Financeiras | F55: 1612747 | G55: 1037746.6
D56: Despesas Financeiras | F56: -39652.65 | G56: -131763.7
D58: (=) RESULTADO OPERACIONAL LÍQUIDO | F58: =F52+F54 -> 2.0000642e+08 | G58: =G52+G54 -> 1.4695064e+08
D60: PROVISÃO IRPJ E CSLL | F60: =F61+F62 -> 0 | G60: =G61+G62 -> 0
D61: CSLL | F61: 0 | G61: 0
D62: IRPJ | F62: 0 | G62: 0
D64: (=) RESULTADO LÍQUIDO DO PERÍODO | E64: 23.6 | F64: =F58 -> 2.0000642e+08 | G64: =G58 -> 1.4695064e+08
D66: Reconhecemos a exatidão da presente Demonstração do Resultado do Exercício - Nota Explicativa nº 23
D68: Goiânia-Goiás, 31 de Dezembro de 2025

Sheet DFC
B4: AGÊNCIA GOIANA DE HABITAÇÃO S/A
B5: CNPJ: 01.274.240/0001-47
B6: 31 de Dezembro de 2025
B7: (Valores expressos em milhares de reais)
B9: DEMONSTRAÇÃO DOS FLUXOS DE CAIXA - MÉTODO INDIRETO (DFC)
B11: DESCRIÇÃO | C11: Nota | D11: 46022 | E11: 45657
B13: Atividades Operacionais | C13: 24.1
B14: Lucro Líquido | D14: =DRE!F64 -> 2.0000642e+08 | E14: =DRE!G64 -> 1.4695064e+08
B15: Ajustes de: | D15: =D16 -> 1918094.6 | E15: =E16 -> 1356535.2
B16: Depreciação e Amortização | D16: 1918094.6 | E16: 1356535.2
B17: Variação no Capital Circulante e Não Circulante | D17: =SUM(D18:D32) -> 98897265 | E17: =SUM(E18:E32) -> -1.3156185e+08
B18: Aumento/Redução em Contas a Receber | D18: ='Balanço Patrimonial'!E18-'Balanço Patrimonial'!D18 -> -21943.74 | E18: =-391399.9+404284.69 -> 12884.79
B19: Aumento/Redução em Adiantamento a Obras | D19: ='Balanço Patrimonial'!E19-'Balanço Patrimonial'!D19 -> 929214.59 | E19: =-8573488.46+10002080.36 -> 1428591.9
B20: Aumento/Redução em Antecipações a Empregados | D20: ='Balanço Patrimonial'!E20-'Balanço Patrimonial'!D20 -> -37948.02 | E20: =-399128.31+322673.58 -> -76454.73
B21: Aumento/Redução em Tributos a Recuperar | D21: ='Balanço Patrimonial'!E21-'Balanço Patrimonial'!D21 -> -59757.37 | E21: =-443064.49+347761.64 -> -95302.85
B22: Aumento/Redução em Despesas Antecipadas | D22: ='Balanço Patrimonial'!E22-'Balanço Patrimonial'!D22 -> 8988.41 | E22: =-8988.41+8993.55 -> 5.14
B23: Aumento/Redução em Estoque de Bens do almoxarifado | D23: ='Balanço Patrimonial'!E23-'Balanço Patrimonial'!D23 -> 9529.95 | E23: =-105608.83+67070.7 -> -38538.13
B24: Aumento/Redução em Obrigações Trabalhistas | D24: ='Balanço Patrimonial'!J16-'Balanço Patrimonial'!K16 -> 83467.81 | E24: -47459.25
B25: Aumento/Redução em Obrigações Sociais | D25: ='Balanço Patrimonial'!J17-'Balanço Patrimonial'!K17 -> 1890926.8 | E25: =532490.97-1688717.03 -> -1156226.1
B26: Aumento/Redução em Obrigações Tributárias | D26: ='Balanço Patrimonial'!J18-'Balanço Patrimonial'!K18 -> 1470591.2 | E26: =142469.06-88490.61 -> 53978.45
B27: Aumento/Redução em Contas a Pagar | D27: ='Balanço Patrimonial'!J19-'Balanço Patrimonial'!K19 -> 1925534.6 | E27: =1135742.17-1114304.6 -> 21437.57
B28: Aumento/Redução em Tributos Parcelados | D28: 0 | E28: -78411.32
B29: Aumento/Redução em Provisões Trabalhistas | D29: ='Balanço Patrimonial'!J20-'Balanço Patrimonial'!K20 -> 646554.08 | E29: =6273793.41-4949438.74 -> 1324354.7
B30: Aumento/Redução em Subvenção Governamental a Realizar | D30: ='Balanço Patrimonial'!J21-'Balanço Patrimonial'!K21 -> 91791750 | E30: =159913896.67-292343011.91 -> -1.3242912e+08
B31: Aumento/Redução em Cauções a Restituir | D31: 0 | E31: =-1483.37 -> -1483.37
B32: Aumento/Redução em Créditos Vinculados Convênios | D32: ='Balanço Patrimonial'!J22-'Balanço Patrimonial'!K22 -> 260357.46 | E32: =4427110.7-4907226.6 -> -480115.9
B33: ( = ) Caixa Líquido Consumido nas Atividades Operacionais | D33: =D14+D15+D17 -> 3.0082178e+08 | E33: =E14+E15+E17 -> 16745317
B36: Atividades De Investimento | C36: 24.2
B37: Aquisição de Imobilizado/Desenvolvimento de Software, | D37: =-1123968.32-2703499.3 -> -3827467.6 | E37: =-49506.7-2795505.12 -> -2845011.8
B38: Baixa de Imobilizado | D38: =226251.23-215496.28 -> 10754.95 | E38: 0
B39: ( = ) Caixa Líquido Consumido nas Atividades de Investimentos | D39: =SUM(D37:D38) -> -3816712.7 | E39: =SUM(E37:E38) -> -2845011.8
B42: Atividades de Financiamento | C42: 24.3
B43: Aumento/Redução Devedores com Vendas Compromissadas | D43: ='Balanço Patrimonial'!E28-'Balanço Patrimonial'!D28 -> 40664.28 | E43: =-91991.72+124608.88 -> 32617.16
B44: Aumento/Redução Unidades Residenciais Programas de Governo | D44: ='Balanço Patrimonial'!E30-'Balanço Patrimonial'!D30 -> 429809.7 | E44: 0
B45: Aumento/Redução Terrenos Edificações ou Urbanização | D45: ='Balanço Patrimonial'!E31-'Balanço Patrimonial'!D31 -> 93339.36 | E45: =-2213981.33+2224352.37 -> 10371.04
B46: Aumento/Redução Tributos a Recuperar | D46: ='Balanço Patrimonial'!E32-'Balanço Patrimonial'!D32 -> -40625.07 | E46: =-332902.37+994457.27 -> 661554.9
B47: Aumento/Redução em Obras em Andamento Programas Habitacionais | D47: ='Balanço Patrimonial'!E33-'Balanço Patrimonial'!D33 -> -1.9027228e+08 | E47: =-505633074.85+359510092.36 -> -1.4612298e+08
B48: Aumento/Redução em Obras Concluídas | D48: ='Balanço Patrimonial'!E34-'Balanço Patrimonial'!D34 -> -2292361.5 | E48: 0
B49: Aumento/Redução em Contingencias Judiciais | D49: ='Balanço Patrimonial'!J30-'Balanço Patrimonial'!K30 -> -1041000 | E49: =2088000-4869957.91 -> -2781957.9
B50: Aquisição de ações para tesouraria | D50: 0 | E50: -1636
B51: ( = ) Caixa Líquido Consumido nas Atividades de Financiamento | D51: =SUM(D43:D50) -> -1.9308245e+08 | E51: =SUM(E43:E50) -> -1.4820203e+08
B54: ( = ) (Redução)/Aumento Líquido nas Disponibilidades | C54: 24.4 | D54: =D51+D39+D33 -> 1.0392262e+08 | E54: =E51+E39+E33 -> -1.3430173e+08
B56: Saldo de Caixa Início do Exercício | D56: =E57 -> 1.723907e+08 | E56: 3.0669243e+08
B57: Saldo de Caixa Final do Exercício | D57: ='Balanço Patrimonial'!D16+'Balanço Patrimonial'!D17 -> 2.7631332e+08 | E57: 1.723907e+08
B59: =CONCATENATE(" ( = ) Saldo de Caixa Final - Equivalente Caixa Inicial") -> ( = ) Saldo de Caixa Final - Equivalente Caixa Inicial | C59: 24.4 | D59: =D57-D56 -> 1.0392262e+08 | E59: =E57-E56 -> -1.3430173e+08
B61: Reconhecemos a exatidão da presente Demonstração dos Fluxos de Caixa - Nota Explicativa nº 24
B64: Goiânia-Goiás, 31 de Dezembro de 2025

Sheet DVA
B5: AGÊNCIA GOIANA DE HABITAÇÃO S/A
B6: CNPJ: 01.274.240/0001-47
B7: 31 de Dezembro de 2025
B8: (Valores expressos em milhares de reais)
B10: DEMONSTRAÇÃO DO VALOR ADICIONADO (DVA)
B12: DESCRIÇÃO | C12: Nota | D12: 46022 | E12: 45657
B13: RECEITAS | C13: 25.1 | D13: =SUM(D14:D19) -> 7.4620743e+08 | E13: =SUM(E14:E19) -> 4.5468248e+08
B14: Receitas Bruta de Serviço | D14: =DRE!F14 -> 5060015.1 | E14: 3607675.4
B15: Receita de Alienação de Bens Imóveis | D15: =DRE!F15 -> 8958667.8 | E15: =DRE!G15 -> 831261.2
B16: Subvenção de Custeio - Recursos Tesouro Estadual | D16: =DRE!F24 -> 87791894 | E16: 72434252
B17: Subvenção Programas Habitacionais - Recursos Tesouro Estadual | D17: =DRE!F25 -> 6.4201808e+08 | E17: 3.7383887e+08
B18: Subvenção Programas Habitacionais - Recursos União | D18: =DRE!F26 -> 646890.93 | E18: 893695.85
B19: Outras Receitas | D19: 1731887.7 | E19: 3076730.8
B22: (-)INSUMOS ADQUIRIDOS DE TERCEIROS | C22: 25.2 | D22: =SUM(D23:D26) -> 4.728954e+08 | E22: =SUM(E23:E26) -> 2.4151449e+08
B23: Materiais, Energia, Serviços de Terceiros e Outros | D23: =519752388.82-55841240.93+2613232.59+3228497.41 -> 4.6975288e+08 | E23: 2.3962179e+08
B24: Perda/Recuperação de Valores Ativos | D24: 400565.65 | E24: 349573.04
B25: Outras Despesas | D25: =4854125.27-D31-D24 -> 2702303.4 | E25: 1411355.1
B26: Despesas Financeiras | D26: =-DRE!F56 -> 39652.65 | E26: 131763.7
B28: (=)VALOR ADICIONADO BRUTO | C28: 25.2 | D28: =D13-D22 -> 2.7331203e+08 | E28: =E13-E22 -> 2.13168e+08
B30: (-)RETENÇÕES | C30: 25.2 | D30: =SUM(D31:D31) -> 1751256.2 | E30: =SUM(E31:E31) -> 1261004.4
B31: Depreciação, Amortização e Exaustão | D31: 1751256.2 | E31: 1261004.4
B33: (=)VALOR ADICIONADO LÍQUIDO PRODUZIDO PELA ENTIDADE | C33: 25.2 | D33: =D28-D30 -> 2.7156078e+08 | E33: =E28-E30 -> 2.1190699e+08
B35: (+)VALOR ADICIONADO RECEBIDO EM TRANSFERÊNCIA | C35: 25.2 | D35: =D36 -> 1612747 | E35: =E36 -> 1037746.6
B36: Receitas Financeiras | D36: =DRE!F55 -> 1612747 | E36: 1037746.6
B38: (=)VALOR ADICIONADO TOTAL A DISTRIBUIR | C38: 25.2 | D38: =D33+D35 -> 2.7317352e+08 | E38: =E33+E35 -> 2.1294474e+08
B40: (+)DISTRIBUIÇÃO DO VALOR ADICIONADO | C40: 25.3 | D40: =D41+D42+D43 -> 2.7317352e+08 | E40: =E41+E42+E43 -> 2.1294474e+08
B41: Pessoal e Encargos | D41: =-DRE!F36-DRE!F46 -> 70818523 | E41: =51702796.55+13477398.65 -> 65180195
B42: Impostos, Taxas e Contribuições | D42: =-DRE!F18-DRE!F49 -> 2348575.9 | E42: 813907.44
B43: Lucros Retidos/Prejuízos do Exercício | D43: =DRE!F64 -> 2.0000642e+08 | E43: =DRE!G64 -> 1.4695064e+08
B45: Reconhecemos a exatidão da presente Demonstração do Valor Adicionado - Nota Explicativa nº 25
B51: Goiânia-Goiás, 31 de Dezembro de 2025

Sheet DRA
B5: AGÊNCIA GOIANA DE HABITAÇÃO S/A
B6: CNPJ: 01.274.240/0001-47
A7: 31 de Dezembro de 2025
A8: (Valores expressos em milhares de reais)
B12: DEMONSTRAÇÃO DO RESULTADO ABRANGENTE (DRA)
B14: DESCRIÇÃO | C14: 46022 | D14: 45657
B15: RESULTADO LÍQUIDO DO PERÍODO | C15: =DRE!F64 -> 2.0000642e+08 | D15: =DRE!G64 -> 1.4695064e+08
B17: Outros resultados abrangentes classificados conforme sua natureza (outras receitas e outras despesas abrangentes) | C17: 0 | D17: 0
B18: Parcela dos outros resultados abrangentes de empresas investidas reconhecida por meio do método de equivalência patrimonial | C18: 0 | D18: 0
B20: RESULTADO ABRANGENTE DO PERÍODO | C20: =SUM(C15:C18) -> 2.0000642e+08 | D20: =SUM(D15:D18) -> 1.4695064e+08
B22: Reconhecemos a exatidão da presente Demonstração do Resultado Abrangente - Nota Explicativa nº 26
B24: Goiânia-Goiás, 31 de Dezembro de 2025
